 Dungeon Crawl Stone Soup version 0.18-a0-19-g8b99b3a (webtiles) character file.

712772 HaroldButt the Grand Master (level 27, -30/205 (207) HPs)
             Began as a Demonspawn Monk on Oct 31, 2015.
             Was the Champion of Cheibriados.
             Killed from afar by a Brimstone Fiend (47 damage)
             ... with a blast of hellfire
             ... in Pandemonium on Nov 1, 2015.
             The game lasted 07:06:46 (83327 turns).

HaroldButt the Grand Master (Demonspawn Monk)      Turns: 83327, Time: 07:06:47

HP:   -30/205 (207) AC: 31    Str: 34    XL:     27
MP:   34/34         EV: 28    Int: 37    God:    Cheibriados [******]
Gold: 6102          SH: 19    Dex: 34    Spells: 5 memorised, 2 levels left

rFire  + + +     SeeInvis +       - Unarmed
rCold  + + +     Rnd*Rage +     z - +5 gold dragon armour of Hemypsuale {rPois rF+ rC+ rN+ Str-4 Int+2 Stlth+}
rNeg   + + .     SustAt   .     t - +2 shield of Resistance {rF+ rC+ MR+}
rPois  +         Gourm    +     l - +0 hat of Infinity {rF+ Regen+ MP-9}
rElec  +         Spirit   .     N - +0 cloak {MR+}
rCorr  .         Warding  .     (gloves unavailable)
rMut   .         Stasis   .     V - +0 pair of boots of Jiptienui {MP+9 Int+3 SInv}
MR     +++++                    a - amulet of the gourmand
Stlth  +.........               e - ring "Hibyuc" {rF++ Str+5 SInv}
                                B - ring "Hotafi" {rElec rN+ MR+ Str+4}

@: exhausted, very slightly contaminated, slowed, repel missiles, very slow,
almost entirely resistant to hostile enchantments, very unstealthy
A: claws 3, repulsion field 3, see invisible, berserk 1, clumsy 1, cold
resistance 1, icemail, spiny 3, augmentation 3, freezing cloud immunity
a: Bend Time, Temporal Distortion, Slouch, Step From Time, Renounce Religion
}: 4/15 runes: serpentine, barnacled, silver, abyssal


You were in Pandemonium.
You worshipped Cheibriados.
Cheibriados was exalted by your worship.
You were very full.

You visited 11 branches of the dungeon, and saw 56 of its levels.
You visited Pandemonium 1 time, and saw 1 of its levels.
You visited the Abyss 2 times.
You visited 1 bazaar.
You also visited: Labyrinth and Ice Cave.

You collected 9813 gold pieces.
You spent 3711 gold pieces at shops.

Inventory:

Missiles
 g - 2101 stones (quivered)
Armour
 l - the +0 hat of Infinity (worn) {rF+ Regen+ MP-9}
   (You acquired it on level 3 of the Depths)

   It protects you from fire.
   It affects your magic capacity (-9).
   It increases your rate of regeneration.
 t - the +2 shield of Resistance (worn) {rF+ rC+ MR+}
   (You bought it in a shop on level 4 of the Orcish Mines)

   It protects you from fire.
   It protects you from cold.
   It affects your resistance to hostile enchantments.
 z - the +5 gold dragon armour of Hemypsuale (worn) {rPois rF+ rC+ rN+ Str-4 Int+2 Stlth+}
   (You bought it in a shop in a bazaar)

   It affects your strength (-4).
   It affects your intelligence (+2).
   It protects you from fire.
   It protects you from cold.
   It protects you from poison.
   It protects you from negative energy.
   It makes you more stealthy.
 N - a +0 cloak of magic resistance (worn)
 V - the +0 pair of boots of Jiptienui (worn) {MP+9 Int+3 SInv}
   (You found it on level 6 of the Lair of Beasts)

   It affects your intelligence (+3).
   It affects your magic capacity (+9).
   It lets you see invisible.
Jewellery
 a - an amulet of the gourmand (around neck)
 d - an uncursed amulet of clarity
 e - the ring "Hibyuc" (right claw) {rF++ Str+5 SInv}
   (You took it off a skeletal warrior on level 1 of the Crypt)

   [ring of see invisible]

   It affects your strength (+5).
   It greatly protects you from fire.
   It lets you see invisible.
 s - the ring "Sutse" {rC+++ rN++ MP-9 Int+5}
   (You found it in a labyrinth)

   [ring of intelligence]

   It affects your intelligence (+5).
   It renders you almost immune to cold.
   It greatly protects you from negative energy.
   It affects your magic capacity (-9).
 B - the ring "Hotafi" (left claw) {rElec rN+ MR+ Str+4}
   (You took it off a deep elf sorcerer on level 3 of the Elven Halls)

   [ring of protection from magic]

   It affects your strength (+4).
   It insulates you from electricity.
   It protects you from negative energy.
   It affects your resistance to hostile enchantments.
 C - an uncursed ring of poison resistance
 F - an uncursed ring of protection from magic
 J - the ring "Laezaif" {rPois rN+ MP+9 SInv}
   (You found it on level 3 of the Crypt)

   [ring of positive energy]

   It protects you from poison.
   It protects you from negative energy.
   It affects your magic capacity (+9).
   It lets you see invisible.
 S - the ring "Hidwugafee" {+Inv rElec rPois rN+ MP-9}
   (You found it on level 3 of the Crypt)

   [ring of positive energy]

   It insulates you from electricity.
   It protects you from poison.
   It protects you from negative energy.
   It affects your magic capacity (-9).
   It lets you turn invisible.
Wands
 x - a wand of disintegration (13)
 y - a wand of digging (16)
 D - a wand of heal wounds (4)
 L - a wand of invisibility (4)
 Q - a wand of teleportation (6)
Scrolls
 f - 8 scrolls of recharging
 h - 5 scrolls of blinking
 i - 19 scrolls of teleportation
 m - 12 scrolls of identify
 o - 29 scrolls of remove curse
 r - 4 scrolls of magic mapping
 A - 4 scrolls of fog
 G - 2 scrolls of enchant armour
 I - 4 scrolls of silence
 R - 7 scrolls of amnesia
 W - 2 scrolls of summoning
 Y - 5 scrolls of fear
Potions
 c - 2 potions of resistance
 j - 4 potions of flight
 n - 11 potions of brilliance
 p - 32 potions of curing
 q - 2 potions of cure mutation
 E - 3 potions of agility
 O - 7 potions of heal wounds
 P - 6 potions of might
 T - 2 potions of magic
 U - 4 potions of invisibility
 Z - 5 potions of cancellation
Books
 k - a Necronomicon

   Spells                             Type                      Level
   a - Haunt                          Necromancy/Summoning         7
   b - Borgnjor's Revivification      Necromancy                   8
   c - Death's Door                   Charms/Necromancy            8
   d - Necromutation                  Transmutation/Necromancy     8
 H - a book of the Tempests

   Spells                             Type                      Level
   a - Static Discharge               Conjuration/Air              3
   b - Lightning Bolt                 Conjuration/Air              5
   c - Fireball                       Conjuration/Fire             5
   d - Tornado                        Air                          9
   e - Shatter                        Earth                        9
Comestibles
 b - 27 bread rations
 u - 31 meat rations
 v - 5 royal jellies
 w - 47 fruits
 K - 19 beef jerkies
 M - a slice of pizza


   Skills:
 - Level 15.0 Fighting
 + Level 19.8 Armour
 - Level 16.5 Dodging
 - Level 13.8 Stealth
 - Level 15.1 Shields
 O Level 27 Unarmed Combat
 - Level 5.1 Spellcasting
 - Level 16.8 Air Magic
 - Level 15.0 Invocations


You had 2 spell levels left.
You knew the following spells:

 Your Spells              Type           Power        Failure   Level  Hunger
a - Tornado               Air            #######...   100%        9    #######
b - Deflect Missiles      Chrm/Air       ######....   97%         6    ######.
c - Simulacrum            Ice/Necr       #.........   100%        6    ######.
d - Necromutation         Trmt/Necr      #.........   100%        8    #######
e - Silence               Hex/Air        ######....   28%         5    #####..


Dungeon Overview and Level Annotations

Branches:
Dungeon (15/15)            Temple (1/1) D:6            Lair (8/8) D:9
 Shoals (4/4) Lair:3        Snake (4/4) Lair:5        Slime (0/6) Lair:8
    Orc (4/4) D:12            Elf (3/3) Orc:3        Vaults (5/5) D:13
  Crypt (3/3) Vaults:3       Tomb (0/3) Crypt:3      Depths (5/5) D:15
    Zot (4/5) Depths:5

Altars:
Ashenzari
Cheibriados
Dithmenos
Elyvilon
Fedhas
Gozag
Kikubaaqudgha
Makhleb
Nemelex Xobeh
Okawaru
Qazlal
Ru
Sif Muna
Trog
Vehumet
Xom
Yredelemnul
Zin
The Shining One
Beogh

Shops:
D:4 (   D:8 [   D:9 }   D:10 *   D:14 [   Orc:4 [%*(   Elf:3 (   Vaults:1 }%}
Vaults:2 }   Vaults:4 ?   Depths:5 %

Portals:
Hell: Lair:8 Depths:1 Depths:2 Depths:3 Depths:4 Depths:5
Abyss: Depths:1 Depths:2 Depths:4
Pandemonium: Depths:3
Ziggurat: Depths:3


Innate Abilities, Weirdness & Mutations

You have claws for hands.
You are surrounded by a strong repulsion field (EV +4, rMsl).
Your flesh is cold resistant.
A meltable icy envelope protects you from harm (AC +0).
You are completely covered in sharp spines.
Your magical and physical power is greatly enhanced at high health.
You are immune to freezing clouds.
You have supernaturally acute eyesight.
You are clumsy. (Dex -2)
[You tend to lose your temper in combat.]


Message History

The Brimstone Fiend gestures at you.
The hellfire explodes!
The blast of hellfire engulfs you!
* * * LOW HITPOINT WARNING * * *
The Brimstone Fiend calls on the powers of darkness!
Your body is wracked with pain!
* * * LOW HITPOINT WARNING * * *
The Brimstone Fiend calls on the powers of darkness!
Your body is wracked with pain!
* * * LOW HITPOINT WARNING * * *
You hear a roar! x2
Read which item? (? for menu, Esc to quit)
Blink to where?
Press: ? - help, Dir - move target cursor You are very lightly contaminated with residual magic.
As you read the scroll of blinking, it crumbles to dust.
A blizzard demon comes into view.
A tormentor comes into view.
The Brimstone Fiend gestures at you.
The hellfire explodes!
The blast of hellfire engulfs you!
You die...

.......1.1..............
#'''#####.1............#
# #...............
#...............
#...............
#...............
#...............
#.....##...2....
#.....##@.......
#.....##.......#
#.....##.......#
#.....##.......#
#.##..##.2.....#
#.##..##.......#
#########.##..##.......#
..........##..##.∩......
..........##..#


You could see a Brimstone Fiend, a blizzard demon and a tormentor.

Vanquished Creatures
  An ancient lich (Crypt:3)
  Mara (Depths:4)
  2 juggernauts
  A greater mummy (Crypt:1)
  Sojobo (Vaults:4)
  Boris (Crypt:2)
  A shard shrike (shapeshifter) (Vaults:5)
  Saint Roka (Vaults:4)
  Vashnia (Snake:2)
  A Killer Klown (Zot:4)
  A curse toe (Zot:3)
  Nikola (Vaults:3)
  Jory (Depths:4)
  12 golden dragons
  4 bone dragons
  The ghost of axujen the Imperceptible, a veteran SpEn of Ashenzari (Depths:2)
  An electric golem (Zot:4)
  Jorgrun (Depths:4)
  A hellephant (Abyss:3)
  18 tentacled monstrosities
  10 liches
  2 deep elf blademasters
  The ghost of hexophile the Severer, an adept DsFi of Makhleb (Vaults:3)
  2 quicksilver dragons (Depths:3)
  A Shadow Fiend (Pan)
  7 titans
  A deep elf master archer (Elf:3)
  2 ancient champions
  3 krakens
  8 tentacled starspawn (Abyss:3)
  2 Executioners (Abyss:3)
  10 sphinxes
  7 shadow dragons
  13 storm dragons
  6 death cobs
  7 greater nagas (Snake:4)
  Roxanne (Elf:2)
  5 draconian monks
  13 tengu reavers
  Ilsuiw (Shoals:4)
  A revenant (Crypt:1)
  Donald (Vaults:3)
  12 deep elf sorcerers
  2 iron dragons
  2 balrugs
  8 fire giants
  An orc warlord (Orc:4)
  12 frost giants
  21 vault wardens
  Aizul (Snake:1)
  2 ghost moths (Zot:4)
  5 draconian scorchers
  4 draconian knights
  A curse skull (Zot:1)
  6 draconian zealots
  5 draconian shifters
  4 draconian annihilators
  A reaper (Crypt:2)
  7 ghouls
  3 spriggan defenders (Depths:4)
  13 ironheart preservers
  10 very ugly things
  4 vampire knights
  33 stone giants
  5 draconian callers
  5 black draconians
  5 war gargoyles
  4 green draconians
  10 deep elf annihilators (Elf:3)
  9 deep elf demonologists (Elf:3)
  9 red draconians
  Azrael (Orc:4)
  7 yellow draconians
  6 white draconians
  A dire elephant (D:15)
  8 mottled draconians
  13 purple draconians
  A dire elephant (shapeshifter) (Vaults:5)
  A minotaur (shapeshifter) (Vaults:5)
  A blizzard demon (Depths:3)
  17 ettins
  3 merfolk javelineers (Shoals:4)
  A minotaur (Lab)
  Snorg (Orc:1)
  13 deep elf death magi
  3 crystal guardians (Crypt:3)
  2 eidola (Crypt:1)
  9 merfolk impalers
  2 quicksilver dragon zombies
  30 vault guards
  Josephine (Orc:4)
  A green death (Abyss:3)
  9 jiangshi
  28 fire dragons
  25 yaktaur captains
  17 ogre magi
  4 deep elf high priests
  13 entropy weavers
  11 great orbs of eyes
  26 starcursed masses (Abyss:3)
  28 ice dragons
  2 spriggan air magi
  9 rakshasas
  A quicksilver dragon skeleton (Crypt:3)
  17 naga warriors
  13 hydras
  24 anacondas
  5 satyrs
  3 merfolk avatars
  An alligator snapping turtle (Shoals:4)
  3 death knights
  21 dancing weapons
  3 merfolk aquamancers (Shoals:4)
  17 centaur warriors
  13 shock serpents
  A queen ant (Lair:6)
  5 death yaks
  20 naga sharpshooters
  12 deep troll earth magi
  6 tengu warriors
  6 spriggan berserkers
  18 deep elf knights
  6 vampire magi
  A soul eater (Abyss:3)
  3 sun demons
  The ghost of Conn321 the Covert, a journeyman SpCj of Vehumet (D:11)
  5 orc high priests
  8 thrashing horrors (Abyss:3)
  10 deep troll shamans
  A storm dragon zombie (Vaults:5)
  A fire crab (Vaults:5)
  11 wretched stars (Abyss:3)
  A death drake (Abyss:3)
  An ice devil (Abyss:3)
  5 unseen horrors
  11 salamander mystics
  23 skeletal warriors
  2 spatial maelstroms (Abyss:3)
  4 shadow wraiths
  2 iron trolls
  18 deep trolls
  2 golden dragon zombies (Crypt:3)
  2 death drakes (shapeshifter)
  10 sea snakes
  14 hell knights
  An unseen horror (shapeshifter) (Vaults:5)
  8 giant orange brains
  8 flayed ghosts
  9 wizards
  A shadow dragon zombie (Crypt:1)
  4 deep elf summoners
  10 naga ritualists
  2 swamp dragons (shapeshifter)
  A putrid demonspawn (Depths:3)
  An orange crystal statue (Zot:1)
  12 deep elf conjurers
  13 necromancers
  A torturous demonspawn (Depths:3)
  An anaconda skeleton (Crypt:3)
  An orb spider (shapeshifter) (Depths:2)
  10 phantasmal warriors
  The ghost of mrath the Digger, a novice GrEE of Vehumet (D:7)
  2 oklob plants (Zot:1)
  8 hill giants
  13 ironbrand convokers
  2 stone giant zombies
  A cyclops (shapeshifter) (Vaults:3)
  2 frost giant zombies
  3 wolf spider zombies
  3 harpies (shapeshifter)
  2 iron dragon zombies (Crypt:1)
  A fire giant zombie (Crypt:1)
  4 lindwurms (Snake:4)
  15 mana vipers
  12 orc knights
  14 cyclopes
  5 wolf spiders
  A shadow dragon skeleton (Crypt:3)
  5 hornets
  21 salamanders
  9 water nymphs
  A hornet (shapeshifter) (Vaults:1)
  38 harpies
  An iron dragon skeleton (Crypt:3)
  45 ugly things
  A moth of wrath (shapeshifter) (Vaults:3)
  11 manticores
  A frost giant skeleton (Vaults:5)
  5 orc sorcerers
  A fire giant skeleton (Abyss:3)
  20 moths of wrath
  15 griffons
  22 fauns
  29 naga magi
  19 elephants
  3 sixfirhies
  A black mamba (shapeshifter) (Vaults:3)
  A shock serpent zombie (Crypt:2)
  14 smoke demons
  14 vault sentinels
  3 ice statues
  The ghost of tp1 the Thaumaturge, a novice DEWz of Vehumet (D:7)
  A rust devil (Depths:3)
  11 guardian serpents
  2 orange demons (Lair:8)
  49 black mambas
  7 sirens
  An apocalypse crab (Abyss:3)
  4 worldbinders (Abyss:3)
  3 gargoyles
  A ghost moth simulacrum (Abyss:3)
  2 dire elephant skeletons
  A white draconian zombie (Crypt:1)
  87 yaktaurs
  3 fire drakes
  11 komodo dragons
  18 spiny frogs
  An eye of devastation (Abyss:3)
  A yaktaur zombie (Vaults:5)
  An emperor scorpion zombie (Crypt:3)
  6 jumping spiders
  A hydra zombie (Crypt:1)
  2 storm dragon simulacra
  7 freezing wraiths
  6 ancient zymes (Abyss:3)
  9 tengu conjurers
  13 deep elf priests
  5 hellwings
  2 efreet
  3 guardian mummies (Crypt:1)
  3 harpy zombies (Crypt:1)
  A demonic crawler (Abyss:3)
  A wolf spider simulacrum (Abyss:3)
  5 kobold demonologists
  A green draconian skeleton (Crypt:1)
  A yaktaur skeleton (Vaults:1)
  4 blue devils
  7 trolls
  38 merfolk
  3 wind drakes
  2 burning bushes (Zot:1)
  23 two-headed ogres
  6 red devils
  10 snapping turtles
  5 polar bears
  A raiju (shapeshifter) (D:15)
  A fire dragon zombie (Crypt:1)
  Grinder (D:3)
  A hydra skeleton (Crypt:1)
  A wind drake (shapeshifter) (Elf:2)
  A bog body (Crypt:2)
  A tengu simulacrum (Vaults:3)
  A boulder beetle (shapeshifter) (Depths:4)
  6 air elementals
  13 slime creatures
  10 small abominations
  2 ice dragon zombies (Crypt:1)
  2 shadows
  2 fire giant simulacra
  10 raiju (Abyss:3)
  A hornet zombie (D:14)
  A black mamba zombie (Crypt:1)
  19 blink frogs
  10 boulder beetles
  2 trapdoor spiders
  45 yaks
  A snapping turtle (shapeshifter) (Vaults:4)
  7 water elementals
  An ice dragon skeleton (Crypt:1)
  A spriggan (shapeshifter) (Abyss:3)
  A spriggan (Depths:4)
  9 ynoxinuls
  An alligator skeleton (Crypt:2)
  13 wraiths
  28 deep elf magi
  4 wyverns
  7 vampires
  24 flying skulls
  A golden eye (shapeshifter) (Vaults:3)
  A golden eye (Abyss:3)
  5 tarantellas
  5 fire elementals
  29 redbacks
  4 fire bats (Abyss:3)
  A wyvern (shapeshifter) (Depths:3)
  4 basilisks (Lair:3)
  9 neqoxecs
  A yak (shapeshifter) (D:13)
  A mottled dragon (D:11)
  14 hippogriffs
  25 deep elf fighters
  2 hungry ghosts (D:8)
  2 steam dragons
  14 vampire mosquitoes
  A hog (shapeshifter) (Vaults:5)
  25 wolves
  4 chaos spawn (Abyss:3)
  Menkaure (D:5)
  21 large abominations (Abyss:3)
  8 wargs
  A hippogriff (shapeshifter) (Depths:2)
  23 water moccasins
  2 spatial vortices (Abyss:3)
  17 porcupines
  68 nagas
  10 swamp worms (D:8)
  3 hell hounds (Orc:4)
  9 soldier ants (Lair:6)
  Duvessa (D:5)
  A monstrous demonspawn skeleton (Crypt:2)
  A gelid demonspawn skeleton (Crypt:1)
  55 orc warriors
  25 centaurs
  A phantom (D:11)
  A black bear (shapeshifter) (Depths:3)
  A trapdoor spider simulacrum (D:13)
  4 wasps
  6 sky beasts
  6 black bears
  8 boggarts
  A manticore zombie (Crypt:2)
  16 ice beasts
  3 eyes of draining
  2 human skeletons (Vaults:1)
  56 ogres
  A hog zombie (Crypt:1)
  19 crocodiles
  9 necrophages
  A brain worm (Abyss:3)
  28 giant frogs
  9 big kobolds
  Dowan (D:5)
  An earth elemental (Abyss:3)
  A water moccasin zombie (Crypt:2)
  A wyvern skeleton (D:14)
  A human simulacrum (Vaults:1)
  9 scorpions
  9 electric eels
  7 wights
  20 killer bees
  A hippogriff skeleton (Crypt:2)
  8 crimson imps
  8 centaur zombies
  8 jellies
  A human zombie (Crypt:1)
  34 orc priests
  A black bear zombie (Crypt:2)
  A giant frog skeleton (D:11)
  A giant frog zombie (D:8)
  11 hounds
  32 orc wizards
  5 quasits
  2 centaur skeletons
  2 iron imps (Depths:3)
  Jessica (D:3)
  Natasha (thrice) (D:2)
  32 worker ants
  4 lightning spires (Zot:1)
  20 iguanas
  46 sheep
  A hound zombie (Crypt:1)
  A hound skeleton (D:11)
  8 mummies (Crypt:1)
  8 gnolls
  66 river rats
  19 adders
  4 white imps
  7 shadow imps
  3 ufetubi
  2 oozes (Lair:8)
  3 adder zombies
  12 worms
  An iguana skeleton (Crypt:1)
  8 giant geckos
  250 orcs
  6 bats
  11 goblins
  9 hobgoblins
  10 jackals
  20 kobolds
  4 quokkas
  2 ball pythons
  A ball python skeleton (Crypt:1)
  13 giant cockroaches
  A giant gecko skeleton (D:7)
  2 giant newts (D:3)
  2 quokka skeletons
  8 rats
  2 crawling corpses (Elf:3)
  A fungus (Lair:8)
  A macabre mass (Abyss:3)
  11 plants
  6 starspawn tentacles (Abyss:3)
  9 tentacles
  A tentacle segment (Shoals:2)
3384 creatures vanquished.

Vanquished Creatures (others)
  A draconian scorcher (Zot:4)
  A frost giant (Vaults:5)
  A fire giant (Depths:5)
  A draconian annihilator (Zot:1)
  A red draconian (Zot:4)
  A naga sharpshooter (Snake:4)
  A deep elf knight (Vaults:4)
  A tengu skeleton (Vaults:5)
  A salamander (Depths:4)
  A water elemental (Depths:5)
  A deep elf fighter (Vaults:5)
  An ogre (Vaults:5)
  A white imp (Abyss:3)
  65 fungi
  5 lost souls
  A lurking horror (Abyss:3)
  32 plants
  13 starspawn tentacles (Abyss:3)
  177 starspawn tentacle segments (Abyss:3)
  28 tentacles
  1666 tentacle segments
2000 creatures vanquished.

Grand Total: 5384 creatures vanquished

Notes
Turn   | Place    | Note
--------------------------------------------------------------
     0 | D:1      | HaroldButt the Demonspawn Monk began the quest for the Orb.
     0 | D:1      | Reached XP level 1. HP: 18/18 MP: 1/1
   262 | D:1      | Reached skill level 4 in Unarmed Combat
   287 | D:1      | Gained mutation: You have sharp fingernails. [demonic ancestry]
   287 | D:1      | Reached XP level 2. HP: 8/24 MP: 2/2
  1190 | D:2      | Gained mutation: You are surrounded by a mild repulsion field (EV +2). [demonic ancestry]
  1190 | D:2      | Reached XP level 3. HP: 25/29 MP: 3/3
  1229 | D:2      | Noticed Natasha
  1251 | D:2      | Killed Natasha
  1251 | D:2      | Reached skill level 5 in Unarmed Combat
  1447 | D:2      | Reached XP level 4. HP: 27/35 MP: 4/4
  1866 | D:2      | Noticed Natasha
  1886 | D:2      | Killed Natasha
  2382 | D:2      | Noticed Natasha
  2387 | D:2      | Killed Natasha
  2611 | D:3      | Noticed Grinder
  2612 | D:3      | Noticed Jessica
  2612 | D:3      | Paralysed by Grinder for 7 turns
  2919 | D:4      | Gained mutation: You are partially covered in sharp spines. [demonic ancestry]
  2919 | D:4      | Reached XP level 5. HP: 31/41 MP: 5/5
  2930 | D:4      | Found Newazxoh's Antique Weapon Boutique.
  3002 | D:4      | Reached skill level 6 in Unarmed Combat
  3220 | D:4      | Noticed an ogre
  3465 | D:3      | Gained mutation: You have very sharp fingernails. [demonic ancestry]
  3465 | D:3      | Reached XP level 6. HP: 45/47 MP: 6/6
  3533 | D:3      | Killed Grinder
  3533 | D:3      | Reached skill level 7 in Unarmed Combat
  3533 | D:3      | Reached XP level 7. HP: 24/52 MP: 7/7
  3651 | D:3      | Killed Jessica
  3712 | D:3      | Reached skill level 8 in Unarmed Combat
  4335 | D:4      | Noticed a sky beast
  4345 | D:4      | Killed an ogre
  4349 | D:4      | Killed a sky beast
  4734 | D:4      | Found a blossoming altar of Fedhas.
  4735 | D:4      | Found a shattered altar of Ashenzari.
  4989 | D:5      | Entered Level 5 of the Dungeon
  5036 | D:5      | Reached skill level 9 in Unarmed Combat
  5114 | D:5      | Noticed Dowan
  5116 | D:5      | Noticed Duvessa
  5155 | D:5      | Killed Duvessa
  5155 | D:5      | Reached XP level 8. HP: 46/60 MP: 8/8
  5160 | D:5      | Killed Dowan
  5335 | D:5      | Reached skill level 5 in Fighting
  5353 | D:5      | Noticed Menkaure
  5589 | D:5      | Killed Menkaure
  5847 | D:5      | Found a sacrificial altar of Ru.
  6719 | D:6      | Found a staircase to the Ecumenical Temple.
  6728 | Temple   | Entered the Ecumenical Temple
  6939 | D:6      | Reached skill level 1 in Armour
  7103 | D:6      | Found a burning altar of Makhleb.
  7140 | D:6      | Reached XP level 9. HP: 67/72 MP: 9/9
  7945 | D:7      | Noticed tp1's ghost (novice DEWz)
  8000 | D:7      | Killed tp1's ghost
  8000 | D:7      | Reached skill level 5 in Dodging
  8124 | D:7      | Noticed mrath's ghost (novice GrEE)
  8801 | D:8      | Reached skill level 5 in Armour
  8832 | D:8      | Found Anlexoh's Antique Armour Boutique.
  8835 | D:8      | Bought a jewelled leather armour for 217 gold pieces
  8846 | D:8      | Identified the +3 leather armour "Piluv" {rElec MP+9} (You bought it in a shop on level 8 of the Dungeon)
  9232 | D:8      | Got a sheer robe
  9243 | D:8      | Identified the cursed +0 robe "Pozeiq" {+Fly rC+++ Int+3 Stlth-} (You found it on level 8 of the Dungeon)
  9563 | D:8      | Reached XP level 10. HP: 68/79 MP: 10/10
 10666 | D:8      | Found a shadowy altar of Dithmenos.
 10678 | D:8      | Found a glowing golden altar of the Shining One.
 10682 | D:8      | Found a snail-covered altar of Cheibriados.
 10682 | D:8      | Found a basalt altar of Yredelemnul.
 10685 | D:8      | Found a bloodstained altar of Trog.
 10692 | D:8      | Became a worshipper of Cheibriados the Contemplative
 10692 | D:8      | Reached * piety under Cheibriados
 10692 | D:8      | Reached ** piety under Cheibriados
 11630 | D:7      | Killed mrath's ghost
 12518 | D:9      | Found a staircase to the Lair.
 12538 | D:9      | Reached *** piety under Cheibriados
 12651 | D:9      | Found Folotage's Gadget Shoppe.
 12787 | D:9      | Reached skill level 5 in Invocations
 12822 | D:9      | Reached XP level 11. HP: 69/84 MP: 14/14
 13397 | D:8      | Bought a glowing helmet for 139 gold pieces
 13486 | D:10     | Entered Level 10 of the Dungeon
 13558 | D:10     | Reached **** piety under Cheibriados
 13983 | D:10     | Found Uqiwka's General Store.
 13991 | D:10     | Bought a scroll of identify for 28 gold pieces
 14065 | D:10     | Noticed an unseen horror
 14084 | D:10     | Killed an unseen horror
 14620 | D:11     | Reached ***** piety under Cheibriados
 14624 | D:11     | Noticed an unseen horror
 14631 | D:11     | Noticed Conn321's ghost (journeyman SpCj)
 14646 | D:11     | Killed Conn321's ghost
 14778 | D:11     | Killed an unseen horror
 14871 | D:11     | Reached skill level 10 in Unarmed Combat
 15014 | D:11     | Noticed a hill giant
 15018 | D:11     | Killed a hill giant
 16268 | D:12     | Reached XP level 12. HP: 76/95 MP: 18/18
 16305 | D:12     | Found a labyrinth entrance.
 16317 | Lab      | Entered a labyrinth
 16636 | Lab      | Noticed a minotaur
 16644 | Lab      | Killed a minotaur
 16648 | Lab      | Identified the Handbook of Doomed Aid
 16648 | Lab      | Identified Sif Muna's Almanac of Earthen Transmutation
 16648 | Lab      | Got a translucent granite ring
 16649 | Lab      | Got a transparent ring mail
 16661 | D:12     | Identified the ring "Sutse" {rC+++ rN++ MP-9 Int+5} (You found it in a labyrinth)
 16672 | D:12     | Identified the cursed +1 ring mail of Dim Light {*Corrode rF+ Dex+6} (You found it in a labyrinth)
 16852 | D:12     | Reached ****** piety under Cheibriados
 16855 | D:12     | Found a roughly hewn altar of Beogh.
 16855 | D:12     | Found a staircase to the Orcish Mines.
 16976 | D:12     | Reached skill level 10 in Invocations
 17183 | D:12     | Reached skill level 11 in Unarmed Combat
 17461 | D:12     | Reached skill level 10 in Fighting
 17855 | D:9      | Noticed a cyclops
 17875 | D:9      | Killed a cyclops
 18059 | Lair:1   | Entered Level 1 of the Lair of Beasts
 18065 | Lair:1   | Identified a +2 rod of destruction (9/9) (You found it in a labyrinth)
 18066 | Lair:1   | Identified a +4 rod of ignition (11/11) (You found it in a labyrinth)
 19297 | Lair:2   | Reached skill level 12 in Invocations
 19297 | Lair:2   | Gained mutation: Your flesh is cold resistant. [demonic ancestry]
 19297 | Lair:2   | Reached XP level 13. HP: 102/104 MP: 11/22
 19963 | Lair:2   | Noticed a four-headed hydra
 19971 | Lair:2   | Killed a four-headed hydra
 20167 | Lair:3   | Found a staircase to the Shoals.
 20729 | Lair:3   | Reached skill level 13 in Invocations
 22446 | Lair:5   | Found a staircase to the Snake Pit.
 22935 | Lair:6   | Reached skill level 14 in Invocations
 23542 | Lair:6   | Gained mutation: You are immune to freezing clouds. [demonic ancestry]
 23542 | Lair:6   | Reached XP level 14. HP: 110/115 MP: 24/24
 23681 | Lair:6   | Got a pair of faintly glowing boots
 23692 | Lair:6   | Identified the cursed +0 pair of boots of Jiptienui {MP+9 Int+3 SInv} (You found it on level 6 of the Lair of Beasts)
 24796 | Lair:7   | Reached skill level 15 in Invocations
 26281 | Orc:1    | Entered Level 1 of the Orcish Mines
 26355 | Orc:1    | Upgraded the game from 0.18-a0-5-gf1fb587 to 0.18-a0-19-g8b99b3a
 26674 | Orc:1    | Noticed Snorg
 26682 | Orc:1    | Killed Snorg
 27265 | Orc:3    | Found a staircase to the Elven Halls.
 27786 | Orc:4    | Entered Level 4 of the Orcish Mines
 28167 | Orc:4    | Noticed Josephine
 28168 | Orc:4    | Noticed Azrael
 28182 | Orc:4    | Killed Josephine
 28211 | Orc:4    | Killed Azrael
 29121 | Orc:4    | Noticed an orc warlord
 29191 | Orc:4    | Killed an orc warlord
 29930 | Orc:4    | Reached XP level 15. HP: 106/124 MP: 26/26
 29955 | Orc:4    | Found Patrepn's Antique Weapon Boutique.
 29955 | Orc:4    | Found Gushopt's Armour Shoppe.
 29957 | Orc:4    | Found Ateematz's Assorted Antiques.
 29957 | Orc:4    | Found Johoggybia's Food Shoppe.
 29966 | Orc:4    | Bought a scroll of identify for 54 gold pieces
 29966 | Orc:4    | Bought a scroll of teleportation for 81 gold pieces
 29966 | Orc:4    | Bought a steel ring for 135 gold pieces
 29973 | Orc:4    | Bought the +2 shield of Resistance {rF+ rC+ MR+} for 575 gold pieces
 30582 | Lair:8   | Entered Level 8 of the Lair of Beasts
 30631 | Lair:8   | Found a staircase to the Slime Pits.
 30879 | Lair:8   | Reached skill level 1 in Shields
 31901 | Lair:8   | Found a burning altar of Makhleb.
 31955 | Lair:8   | Reached skill level 10 in Dodging
 32614 | Lair:8   | Found a gateway to Hell.
 33308 | D:13     | Reached skill level 10 in Armour
 33323 | D:13     | Found a frozen archway.
 33343 | IceCv    | Entered an ice cave
 33914 | D:13     | Found a gate to the Vaults.
 34207 | D:14     | Found Peggisas's Armour Shop.
 34211 | D:14     | Bought a +2 cloak for 264 gold pieces
 34354 | D:14     | Reached skill level 5 in Shields
 35353 | D:15     | Entered Level 15 of the Dungeon
 35383 | D:15     | Gained mutation: You have claws for hands. [demonic ancestry]
 35383 | D:15     | Reached XP level 16. HP: 133/133 MP: 27/27
 35918 | D:15     | Found a staircase to the Depths.
 36320 | D:15     | Found an opulent altar of Gozag.
 36470 | D:15     | Found a roughly hewn altar of Beogh.
 37063 | Shoals:1 | Entered Level 1 of the Shoals
 38315 | Shoals:1 | Reached skill level 15 in Unarmed Combat
 39958 | Shoals:3 | Found a radiant altar of Vehumet.
 40872 | Shoals:3 | Found a deep blue altar of Sif Muna.
 41364 | Shoals:3 | Reached XP level 17. HP: 134/139 MP: 28/28
 41721 | Shoals:4 | Entered Level 4 of the Shoals
 42556 | Shoals:4 | Reached skill level 16 in Unarmed Combat
 43491 | Shoals:4 | Reached skill level 10 in Shields
 43561 | Shoals:4 | Noticed Ilsuiw
 44386 | Shoals:4 | Killed Ilsuiw
 44449 | Shoals:4 | Got a barnacled rune of Zot
 44803 | Snake:1  | Entered Level 1 of the Snake Pit
 45093 | Snake:1  | Reached skill level 17 in Unarmed Combat
 45158 | Snake:1  | Noticed Aizul
 45178 | Snake:1  | Killed Aizul
 45464 | Snake:1  | Gained mutation: Your magical and physical power is slightly enhanced at high health. [demonic ancestry]
 45464 | Snake:1  | Reached XP level 18. HP: 144/146 MP: 29/29
 45893 | Snake:2  | Noticed Vashnia
 45925 | Snake:2  | Killed Vashnia
 47701 | Snake:3  | Learned a level 9 spell: Tornado
 48087 | Snake:4  | Entered Level 4 of the Snake Pit
 48521 | Snake:4  | Reached skill level 15 in Fighting
 49434 | Snake:4  | Gained mutation: Your magical and physical power is enhanced at high health. [demonic ancestry]
 49434 | Snake:4  | Reached XP level 19. HP: 96/155 MP: 30/30
 50879 | Snake:4  | Got a serpentine rune of Zot
 51069 | Snake:4  | Reached skill level 15 in Shields
 51199 | Snake:4  | Reached skill level 1 in Air Magic
 51629 | Vaults:1 | Entered Level 1 of the Vaults
 51629 | Vaults:1 | Found Utuyty's Gadget Shop.
 51629 | Vaults:1 | Found Douxota's Food Boutique.
 51663 | Vaults:1 | Reached skill level 1 in Spellcasting
 52705 | Vaults:1 | Cast into the Abyss (ironheart preserver)
 52727 | Abyss:1  | Gained mutation: You are surrounded by a moderate repulsion field (EV +3). [demonic ancestry]
 52727 | Abyss:1  | Reached XP level 20. HP: 142/162 MP: 31/31
 52811 | Vaults:1 | Escaped the Abyss
 53026 | Vaults:1 | Found Ceddyodgh's Gadget Shop.
 53723 | Vaults:2 | Reached skill level 18 in Unarmed Combat
 53749 | Vaults:2 | Got a brightly glowing emerald amulet
 53751 | Vaults:2 | Identified the amulet "Beubih Otat" {Faith Int+2 Stlth+} (You found it on level 2 of the Vaults)
 53945 | Vaults:2 | Reached skill level 5 in Air Magic
 54330 | Vaults:2 | Reached skill level 5 in Spellcasting
 54349 | Vaults:2 | Found Huuceoch's Gadget Boutique.
 55066 | Vaults:3 | Noticed hexophile's ghost (adept DsFi)
 55088 | Vaults:3 | Killed hexophile's ghost
 55114 | Vaults:3 | Noticed Donald
 55120 | Vaults:3 | Killed Donald
 55389 | Vaults:3 | Noticed Nikola
 56049 | Depths:1 | Entered Level 1 of the Depths
 56480 | Depths:1 | Reached skill level 19 in Unarmed Combat
 56655 | Depths:1 | Gained mutation: You are surrounded by a strong repulsion field (EV +4, rMsl). [demonic ancestry]
 56655 | Depths:1 | Reached XP level 21. HP: 162/168 MP: 32/32
 56824 | Depths:1 | Found a one-way gate to the infinite horrors of the Abyss.
 57360 | Depths:2 | Found a stormy altar of Qazlal.
 57361 | Depths:2 | Found a burning altar of Makhleb.
 57362 | Depths:2 | Found a sacrificial altar of Ru.
 57639 | Depths:2 | Noticed axujen's ghost (veteran SpEn)
 57660 | Depths:2 | Killed axujen's ghost
 57708 | Depths:2 | Reached skill level 10 in Air Magic
 58441 | Depths:2 | Reached skill level 20 in Unarmed Combat
 59594 | Depths:3 | Found a one-way gate leading to the halls of Pandemonium.
 59619 | Depths:3 | Found a shattered altar of Ashenzari.
 59631 | Depths:3 | Found a gateway to a ziggurat.
 59849 | Depths:3 | Reached XP level 22. HP: 136/175 MP: 33/33
 60766 | Depths:3 | Identified a scroll of acquirement
 60774 | Depths:3 | Got a steaming hat
 60775 | Depths:3 | Identified the +0 hat of Infinity {rF+ Regen+ MP-9} (You acquired it on level 3 of the Depths)
 61104 | Depths:4 | Noticed Jory
 61127 | Depths:4 | Killed Jory
 61213 | Depths:4 | Noticed a juggernaut
 61229 | Depths:4 | Killed a juggernaut
 61435 | Depths:4 | Reached skill level 21 in Unarmed Combat
 61522 | Depths:4 | Noticed Jorgrun
 61533 | Depths:4 | Killed Jorgrun
 61543 | Depths:4 | Noticed Mara
 61553 | Depths:4 | Killed Mara
 62341 | Depths:4 | Gained mutation: A meltable icy envelope protects you from harm (AC +0). [demonic ancestry]
 62341 | Depths:4 | Reached XP level 23. HP: 181/181 MP: 34/34
 62829 | Depths:5 | Entered Level 5 of the Depths
 62852 | Depths:5 | Found Yfromaos's Food Shop.
 63070 | Depths:5 | Found a gate to the Realm of Zot.
 63220 | Depths:5 | Reached skill level 15 in Air Magic
 63231 | Depths:5 | Noticed a juggernaut
 63240 | Depths:5 | Killed a juggernaut
 63497 | Depths:5 | Reached skill level 22 in Unarmed Combat
 64944 | Vaults:3 | Killed Nikola
 65188 | Vaults:3 | Found a staircase to the Crypt.
 65630 | Vaults:4 | Noticed Saint Roka
 65674 | Vaults:4 | Killed Saint Roka
 65812 | Vaults:4 | Noticed Sojobo
 65851 | Vaults:4 | Killed Sojobo
 65851 | Vaults:4 | Gained mutation: Your magical and physical power is greatly enhanced at high health. [demonic ancestry]
 65851 | Vaults:4 | Reached XP level 24. HP: 101/188 MP: 34/34
 66464 | Vaults:4 | Found a stormy altar of Qazlal.
 66720 | Vaults:4 | Found Kemirgh's Magic Scroll Emporium.
 66739 | Vaults:4 | Bought a scroll of teleportation for 48 gold pieces
 66739 | Vaults:4 | Bought a scroll of teleportation for 48 gold pieces
 66871 | Vaults:5 | Entered Level 5 of the Vaults
 66880 | Vaults:5 | Reached skill level 23 in Unarmed Combat
 67414 | Vaults:5 | Gained mutation: You are mostly covered in sharp spines. [demonic ancestry]
 67414 | Vaults:5 | Reached XP level 25. HP: 102/194 MP: 34/34
 67713 | Vaults:5 | Got an ichor-stained scale mail
 67734 | Vaults:5 | Identified the +3 scale mail of the Alphagorgon {rElec Int+4 Dex+5} (You took it off a vault warden on level 5 of the Vaults)
 67853 | Vaults:5 | Got a glittering silver ring
 67882 | Vaults:5 | Identified the ring "Faveng" {Str+2 Int+2} (You took it off a deep elf conjurer on level 5 of the Vaults)
 68081 | Vaults:5 | Got a slimy chain mail
 68085 | Vaults:5 | Identified the cursed +1 chain mail of Coat {rElec rN+ Int+3} (You took it off a deep elf high priest on level 5 of the Vaults)
 68107 | Vaults:5 | Got a silver rune of Zot
 68476 | Vaults:5 | Got a shimmering large shield
 68477 | Vaults:5 | Identified the +0 large shield of the Alphagorgon {rF+ Int+2 Dex+7 Stlth-} (You acquired it on level 5 of the Vaults)
 68990 | Vaults:5 | Identified Zezon's Sophisticated Hermeneutics
 68999 | Vaults:5 | Learned a level 6 spell: Deflect Missiles
 69006 | Vaults:5 | Learned a level 6 spell: Simulacrum
 69009 | Vaults:5 | Identified the Grimoire of Mutagenic Stolen Souls
 69734 | Zot:1    | Entered Level 1 of the Realm of Zot
 69837 | Zot:1    | Reached skill level 5 in Stealth
 70168 | Zot:1    | Reached skill level 15 in Armour
 70368 | Zot:2    | Reached skill level 24 in Unarmed Combat
 70380 | Zot:2    | Reached skill level 15 in Dodging
 70472 | Zot:2    | Learned a level 8 spell: Necromutation
 70643 | Zot:2    | Reached XP level 26. HP: 201/201 MP: 34/34
 72015 | Zot:3    | Reached skill level 10 in Stealth
 74331 | Crypt:1  | Entered Level 1 of the Crypt
 74335 | Crypt:1  | Gained mutation: You are completely covered in sharp spines. [demonic ancestry]
 74335 | Crypt:1  | Reached XP level 27. HP: 207/207 MP: 34/34
 75175 | Crypt:1  | Got a steaming copper ring
 75343 | Crypt:1  | Identified the ring "Hibyuc" {rF++ Str+5 SInv} (You took it off a skeletal warrior on level 1 of the Crypt)
 75345 | Crypt:1  | Gained mutation: You have supernaturally acute eyesight. [potion of beneficial mutation]
 75349 | Crypt:1  | Got an ichor-stained scale mail
 75351 | Crypt:1  | Identified the +4 scale mail of Tynoc {Int+4} (You found it on level 1 of the Crypt)
 75660 | Crypt:2  | Noticed Boris
 75672 | Crypt:2  | Killed Boris
 75712 | Crypt:2  | Reached skill level 25 in Unarmed Combat
 76357 | Crypt:3  | Entered Level 3 of the Crypt
 76909 | Crypt:3  | Found a basalt altar of Yredelemnul.
 76909 | Crypt:3  | Noticed an ancient lich
 76918 | Crypt:3  | Killed an ancient lich
 76957 | Crypt:3  | Identified Qejova's Almanac of Necromancy
 77127 | Crypt:3  | Reached skill level 26 in Unarmed Combat
 77136 | Crypt:3  | Found a staircase to the Tomb.
 77161 | Crypt:3  | Got a steaming glass ring
 77161 | Crypt:3  | Got a heavily runed copper ring
 77161 | Crypt:3  | Got a fine bone ring
 77167 | Crypt:3  | Identified the ring of Kikubaaqudgha's Regard {rPois rN+ Dex-5 Slay-5 Stlth+} (You found it on level 3 of the Crypt)
 77168 | Crypt:3  | Identified the ring "Laezaif" {rPois rN+ MP+9 SInv} (You found it on level 3 of the Crypt)
 77169 | Crypt:3  | Identified the ring "Hidwugafee" {+Inv rElec rPois rN+ MP-9} (You found it on level 3 of the Crypt)
 77669 | Elf:1    | Entered Level 1 of the Elven Halls
 78424 | Elf:2    | Found a flickering gateway to a bazaar.
 78431 | Bazaar   | Entered a bazaar
 78454 | Bazaar   | Found Betzot's Antique Armour Shoppe.
 78459 | Bazaar   | Bought a heavily runed gold dragon armour for 1870 gold pieces
 78460 | Bazaar   | Identified the +5 gold dragon armour of Hemypsuale {rPois rF+ rC+ rN+ Str-4 Int+2 Stlth+} (You bought it in a shop in a bazaar)
 78479 | Bazaar   | Found Ithraphi's Antique Armour Emporium.
 78536 | Bazaar   | Found Zius's Armour Emporium.
 78561 | Bazaar   | Found Roleruciha's Magic Scroll Emporium.
 78566 | Bazaar   | Bought a scroll of identify for 16 gold pieces
 78566 | Bazaar   | Bought a scroll of teleportation for 24 gold pieces
 78566 | Bazaar   | Bought 3 scrolls of identify for 48 gold pieces
 78566 | Bazaar   | Bought a scroll of amnesia for 28 gold pieces
 78566 | Bazaar   | Bought a scroll of identify for 16 gold pieces
 78566 | Bazaar   | Bought a scroll of remove curse for 24 gold pieces
 78566 | Bazaar   | Bought a scroll of remove curse for 24 gold pieces
 78566 | Bazaar   | Bought a scroll of remove curse for 24 gold pieces
 78566 | Bazaar   | Bought a scroll of teleportation for 24 gold pieces
 78566 | Bazaar   | Bought a scroll of teleportation for 24 gold pieces
 78581 | Bazaar   | Found Doushrate's Armour Shoppe.
 78685 | Elf:2    | Gained mutation: Your spells are a little easier to cast, but a little less powerful. [a neqoxec]
 78804 | Elf:2    | Found a runed gate.
 78804 | Elf:2    | Found a runed gate.
 78804 | Elf:2    | Found a runed gate.
 78859 | Elf:2    | Noticed Roxanne
 78872 | Elf:2    | Killed Roxanne
 78874 | Elf:2    | Identified Roxanne's Collected Works on Transmigration (You took it off Roxanne on level 2 of the Elven Halls)
 79312 | Elf:3    | Entered Level 3 of the Elven Halls
 79447 | Elf:3    | Found Plog's Antique Weapon Shop.
 79853 | Elf:3    | Gained mutation: You are clumsy. (Dex -2) [a neqoxec]
 80508 | Elf:3    | Reached skill level 27 in Unarmed Combat
 80659 | Elf:3    | Got a pitted bronze ring
 80676 | Elf:3    | Got a glittering granite ring
 80763 | Elf:3    | Identified the ring "Hotafi" {rElec rN+ MR+ Str+4} (You took it off a deep elf sorcerer on level 3 of the Elven Halls)
 80764 | Elf:3    | Identified the ring "Xetu" {Int+9 SInv} (You took it off a deep elf death mage on level 3 of the Elven Halls)
 80776 | Elf:3    | Identified the Guide on the Dark Snowflakes (You found it on level 3 of the Elven Halls)
 80787 | Elf:3    | Got a faintly glowing scale mail
 80791 | Elf:3    | Got a slimy scale mail
 80792 | Elf:3    | Identified the +4 scale mail of the Locust {rElec MR+} (You found it on level 3 of the Elven Halls)
 80793 | Elf:3    | Identified the +2 scale mail of Neakh {Str+3 Int+3} (You found it on level 3 of the Elven Halls)
 81358 | Depths:1 | Voluntarily entered the Abyss.
 81397 | Abyss:2  | Got a steaming shield
 81447 | Abyss:3  | Identified the +4 shield of Grace {Slay+3} (You found it on level 2 of the Abyss)
 81649 | Abyss:3  | Found a stormy altar of Qazlal.
 81661 | Abyss:3  | Found a corrupted altar of Lugonu.
 81992 | Abyss:3  | Gained mutation: Your magical capacity is low (-10% MP). [a neqoxec]
 81993 | Abyss:3  | Gained mutation: Your spells are easier to cast, but less powerful. [a neqoxec]
 82030 | Abyss:3  | Gained mutation: You are weak. (Str -2) [a neqoxec]
 82122 | Abyss:3  | Found a shadowy altar of Dithmenos.
 82572 | Abyss:3  | Learned a level 5 spell: Silence
 82954 | Abyss:3  | Got an abyssal rune of Zot
 83100 | Depths:1 | Escaped the Abyss
 83105 | Depths:1 | Lost mutation: You are weak. (Str -2) [potion of cure mutation]
 83105 | Depths:1 | Lost mutation: Your magical capacity is low (-10% MP). [potion of cure mutation]
 83105 | Depths:1 | Lost mutation: Your spells are easier to cast, but less powerful. [potion of cure mutation]
 83105 | Depths:1 | Lost mutation: Your spells are a little easier to cast, but a little less powerful. [potion of cure mutation]
 83233 | Pan      | Entered Pandemonium
 83327 | Pan      | Found an exit through the horrors of the Abyss.
 83327 | Pan      | Killed from afar by a Brimstone Fiend

Vault maps used:
D:1:      lightli_arrival_chessboard, minivault_23, nrook_mini_vaults
D:2:      first_bread, minivault_5, grunt_decor_arrowhead, uniq_natasha
D:3:      uniq_grinder, uniq_jessica
D:4:      gammafunk_temple_overflow_statue, serial_co_window_serial,
          co_window_corner_a, co_window_corner_a, co_window_paths_a,
          co_window_cross_1, co_window_paths_a, co_window_paths_a,
          co_window_corner_a, co_window_unsneaky_path_e, co_window_broadway_c,
          co_window_of_opportunity_b, co_window_corner_b, glass_columns_b,
          serial_shops, nicolae_shop_crystal
D:5:      nicolae_ru_sacrificial_ziggurat, kennysheep_generic_room_4,
          uniq_duvessa, uniq_menkaure
D:6:      makhleb_grotto_becter, minmay_temple_entry_crystal_x
D:7:      serial_column_ruins, column_ruins_hut, column_ruins_square_medium,
          column_ruins_open_tiny, column_ruins_open_tiny, column_ruins_grid_1,
          column_ruins_grid_1
D:8:      nicolae_overflow_hidden_temple, serial_shops, kennysheep_mini_moat,
          worms_lemuel
D:9:      erik_lair_orcish_takeover, serial_shops,
          nicolae_shop_competitors_out_of_business
D:10:     serial_shops, nicolae_shop_stone
D:12:     david_orc_5, lab_entry_generic, blue_anna_alchemist
D:13:     david_vaults_4, serial_ice, serial_ice_c, serial_ice_d, serial_ice_i,
          serial_ice_a, portal_ice_cave_entry_ice_statue_01
D:14:     serial_co_window_serial, co_window_of_opportunity_a,
          co_window_corner_a, co_window_of_opportunity_a, co_window_paths_b,
          co_window_corner_a, co_window_corner_b, co_window_2corner,
          co_window_broadway_a, co_window_of_opportunity_b, co_window_2corner,
          co_window_of_opportunity_b, co_window_unsneaky_path_d,
          co_window_4corner_a, glass_columns_a, glass_columns_a,
          glass_columns_a, glass_columns_a, glass_columns_b,
          infiniplex_staircase_zigzag_5, serial_shops, shop
D:15:     hangedman_depths_entry_try_elsewhere_first, special_room,
          hangedman_decor_peaks_small,
          nicolae_gozag_cash_rules_everything_around_me
Temple:   chambers_temple_10
Lair:1:   st_stairs_12, beast_lair_carwin_2, serial_bayou_shore_b
Lair:2:   gammafunk_lair_bear_cave, beast_lair_carwin_5, serial_bayou_shore_b
Lair:3:   shoals_dummy_entry, minivault_11, kennysheep_basilisk_garden,
          serial_bayou_shore_b
Lair:4:   serial_bayou_pond_c
Lair:5:   guppyfry_snake_entry_garden
Lair:6:   dragon1_lemuel, serial_bayou, serial_bayou_pond_c,
          serial_bayou_shore_a, serial_bayou_lagoon_a, serial_bayou_pond_a,
          zaba_antful_of_joy
Lair:7:   minmay_stone_trees_small, st_stairs_13
Lair:8:   evil_forest, nicolae_slime_entry_slimehenge,
          infiniplex_staircase_pool, grunt_megastairs_1
Shoals:3: hangedman_feature_mirror, nicolae_shoals_loop_pool
Shoals:4: shoals_end_grunt_garden, shoals_ilsuiw_alternative
Snake:1:  st_stairs_11, lemuel_fruit_tree, uniq_aizul
Snake:2:  uniq_vashnia
Snake:3:  grunt_megastairs_3
Snake:4:  snake_pit_salamanders_mu
Orc:1:    uniq_snorg
Orc:3:    nicolae_orc_pool_cavern
Orc:4:    grunt_orc_tribal_feast, uniq_azrael, uniq_josephine
Elf:1:    minmay_elf_crystal_heptagon, grunt_ministairs_7
Elf:2:    serial_shops, bzr_entry_dummy, fountainhead, uniq_roxanne
Elf:3:    minmay_elf_hall_x, serial_shops, shop
Vaults:1: vaults_room_corners, vaults_room_guarded_vault,
          nicolae_vaults_ninety_degrees, vaults_room_semicircle,
          vaults_dpeg_diagonal, nicolae_vaults_ring_of_whatevers,
          ontoclasm_vaults_pinch, v_misc_2, v_misc_32, hangedman_vaults_slice,
          hangedman_vaults_cutoff, nicolae_vaults_little_squares_2,
          hangedman_vaults_impose, serial_shops, nicolae_shop_stone,
          nicolae_shop_trees, shop_coins
Vaults:2: grunt_vaults_hallway_long, v_misc_19, dpeg_vaults_monster_box,
          nicolae_vaults_lopsided_apartments, grunt_vaults_swirl,
          hangedman_vaults_variations, vaults_room_fours, v_misc_18,
          ontoclasm_vaults_misaligned, serial_shops, shop_statue
Vaults:3: v_alt_pattern_2, vaults_standard_mumra_enter_the_diamond,
          minmay_crypt_entry_simple_box, nicolae_vaults_murderbox,
          grunt_vaults_trifunnel, ontoclasm_vaults_ligature, v_misc_27,
          vaults_dpeg_ring, hangedman_vaults_nails, nicolae_vaults_theta,
          hangedman_vaults_impose, grunt_vaults_twisty,
          nicolae_vaults_little_squares_5, grunt_vaults_hallway_short,
          uniq_donald, uniq_nikola
Vaults:4: hangedman_vaults_snaps, vaults_room_stairs_pillars,
          nicolae_vaults_stairing_the_circle, grunt_vaults_diagonal,
          st_diamondy, vaults_standard_mumra_x, v_misc_25, v_misc_23,
          vaults_mumra_chevron, nicolae_vaults_border_crossing,
          ontoclasm_vaults_idyll, nicolae_vaults_little_squares_6,
          stair_cage_open, serial_shops, shop_coins, basic_altar, uniq_sojobo,
          uniq_saint_roka
Crypt:1:  lemuel_minitomb, minivault_5
Crypt:2:  uniq_boris
Crypt:3:  cryptofortress_bobbens
Depths:1: pf_hell_entry_great_geh, abyss_entry, minmay_misc_feat_nine_boxes,
          serial_sigils_hangedman_scar, kennysheep_pointless_box,
          evilmike_butchery
Depths:2: hangedman_slaughterboxes, abyss_entry, hell_entry
Depths:3: minmay_expanding_squares, enter_ziggurat_f, evilmike_ruin_ashenzari,
          grunt_pan_entry_zigzag, grunt_hell_entry_dis_old, firewood_loft
Depths:4: hangedman_stitches_corridor, abyss_entry, hell_entry,
          infiniplex_staircase_zigzag_1, uniq_jorgrun, uniq_jory, uniq_mara
Depths:5: grunt_zot_entry_tricorne, hell_entry, serial_shops, shop,
          patterned_corridor, lemuel_freeze_loot_1, serial_bayou_shore_b
Zot:1:    evilmike_crystal_ball_defense
Zot:2:    kennysheep_spiral_hall
Abyss:1:  serial_sigils_hangedman_shear
Abyss:3:  hangedman_abyss_rune_macabre_mess
Pan:      evilmike_mini_pan_other_thingy, nicolae_pan_mnolegish_1
Lab:      lab_block, nicolae_lab_big_swirl, nicolae_lab_starburst,
          labyrinth_skeletal_remains, nicolae_lab_very_dead_end
Bazaar:   bazaar_jpeg_circle_rare_2
IceCv:    ice_cave_statue_garden_01

Action                   |  1- 3 |  4- 6 |  7- 9 | 10-12 | 13-15 | 16-18 | 19-21 | 22-24 | 25-27 || total
-------------------------+-------+-------+-------+-------+-------+-------+-------+-------+-------++-------
Melee: Unarmed           |    94 |   158 |   345 |   737 |  1663 |  1734 |  1616 |  1553 |  2426 || 10326
Throw: Stone             |     1 |    11 |    17 |    35 |    66 |     1 |     1 |       |    14 ||   146
Invok: Slouch            |       |       |       |     2 |     4 |     7 |     2 |     5 |     7 ||    27
Evoke: Wand              |       |       |       |     1 |     3 |    13 |     3 |     6 |       ||    26
  Use: Potion            |     1 |     1 |       |       |     2 |     6 |     1 |       |     3 ||    14
       Scroll            |       |     2 |    15 |    11 |    17 |     8 |    10 |     6 |    31 ||   100
 Stab: Sleeping          |     2 |       |     1 |    16 |    25 |       |       |       |    27 ||    71
       Distracted        |       |       |       |     2 |     6 |       |       |     1 |     6 ||    15
       Invisible         |       |       |       |       |       |       |       |       |     4 ||     4
  Eat: Chunk             |     2 |     6 |    32 |    31 |    34 |    12 |    42 |    20 |    55 ||   234
       Pizza             |       |       |     2 |       |       |     4 |       |       |       ||     6
       Fruit             |       |       |       |       |       |     4 |     2 |       |       ||     6
